 Dungeon Crawl Stone Soup version 0.30.1-4-g462c640d31 (webtiles) character file.

Game seed: 6218101690038504451

525 arthad the Trooper (level 7, -1/44 HPs)
             Began as a Gargoyle Fighter on Aug 23, 2023.
             Slain by a black bear (8 damage)
             ... on level 4 of the Dungeon.
             The game lasted 00:05:15 (3445 turns).

arthad the Trooper (Gargoyle Fighter)               Turns: 3445, Time: 00:05:16

Health: -1/44      AC: 13    Str: 21    XL:     7   Next: 22%
Magic:  7/7        EV:  9    Int:  9    God:
Gold:   201        SH:  4    Dex:  9    Spells: 6/6 levels left

rFire   . . .        a - +0 flail (elec)
rCold   . . .        c - +0 buckler
rNeg    + . .        b - +0 scale mail
rPois   ∞            (no helmet)
rElec   +            r - +0 cloak
rCorr   .            (no gloves)
SInv    .            (no boots)
Will    +....        (no amulet) Stlth
                     k - ring of willpower
HPRegen 0.27/turn    (no ring)
MPRegen 0.10/turn

%: no passive effects
@: no status effects
A: sickness immunity, AC +4, negative energy resistance 1, electricity
resistance, torment resistance 1, petrification resistance
a: no special abilities


You were on level 4 of the Dungeon.
You visited 1 branch of the dungeon, and saw 5 of its levels.

You collected 201 gold pieces.

Inventory:

Hand Weapons
 a - a +0 flail of electrocution (weapon)
 s - the +8 spear of the Genius {heavy, Fragile rCorr Int+2}
   (You found it on level 4 of the Dungeon)

   Int:       It affects your intelligence (+2).
   rCorr:     It protects you from acid and corrosion.
   Fragile:   It will be destroyed if unequipped.
Missiles
 t - 4 poisoned darts (quivered)
Armour
 b - a +0 scale mail (worn)
 c - a +0 buckler (worn)
 e - a +2 hat
 r - a +0 cloak (worn)
Jewellery
 k - a ring of willpower (left hand)
Scrolls
 g - 2 scrolls of teleportation
 i - a scroll of amnesia
 l - a scroll of butterflies {unknown}
 p - a scroll of magic mapping {unknown}
Potions
 d - a potion of might
 f - a potion of lignification {unknown}
 h - 2 potions of heal wounds {unknown}
 j - a potion of ambrosia {unknown}
 m - a potion of flight {unknown}
 n - a potion of resistance {unknown}
 o - a potion of degeneration {unknown}
 q - 2 potions of curing {unknown}


   Skills:
 * Level 5.4 Fighting
 * Level 4.4 Maces & Flails
 + Level 5.0 Armour
 + Level 4.9 Shields


You had 6 spell levels left.
You didn't know any spells.
Your spell library contained the following spells:

 Spells                   Type           Power      Damage    Failure   Level
 Dazzling Flash           Conj/Hex       0%         N/A       98%         3
 Vhi's Electric Charge    Tloc/Air       0%         N/A       98%         3
 Agony                    Necr           0%         N/A       100%        5
 Arcjolt                  Conj/Air       0%         1d10      100%        5
 Silence                  Hex/Air        0%         N/A       100%        5
 Plasma Beam              Fire/Air       0%         2x1d11    100%        6


Dungeon Overview and Level Annotations

Branches:
Dungeon (5/15)             Temple (0/1) D:4

Altars:
Nemelex Xobeh

Shops:
D:2 (


Innate Abilities, Weirdness & Mutations

You are immune to sickness and miasma.
Your stone body is resilient. (AC +4)
You are immune to poison.
You resist negative energy. (rN+)
You are resistant to electric shocks. (rElec)
You are resistant to unholy torment.
You are immune to petrification.


Message History

You are too injured to fight recklessly!
You are too injured to fight recklessly!
You are too injured to fight recklessly!
You are too injured to fight recklessly!
The orc closely misses you. The black bear barely misses you. x2
The black bear completely misses you.
You climb upwards.
There is a stone staircase leading down here.
You hit the black bear.
The black bear is heavily wounded.
The black bear bites you. The black bear barely misses you.
You block the black bear's attack. The orc hits you with a +0 war axe.
You hit the black bear but do no damage.
The black bear is heavily wounded.
The black bear barely misses you. You block the black bear's attack.
The black bear barely misses you. The orc hits you with a +0 war axe.
* * * LOW HITPOINT WARNING * * *
You hit the black bear.
The black bear is heavily wounded.
The black bear bites you but does no damage.
The black bear barely misses you. The black bear closely misses you.
The orc curses loudly.
The orc barely misses you. You block the black bear's attack.
The black bear claws you but does no damage.
You block the black bear's attack. The orc hits you but does no damage.
You hit the black bear.
The black bear is severely wounded.
The black bear bites you but does no damage.
The black bear barely misses you. You block the black bear's attack.
The orc hits you but does no damage.
You barely miss the black bear.
The black bear is severely wounded.
The black bear goes berserk!
The orc hits you with a +0 war axe.
* * * LOW HITPOINT WARNING * * *
You barely miss the black bear.
The black bear is severely wounded.
You block the black bear's attack. The black bear barely misses you.
The black bear claws you but does no damage.
The orc closely misses you. The black bear bites you!
You die...

#####....._...#
####.....⌠.⌠..#
##............#
..............#######
.....##..###........#
#.#####.## ###......#
### #.# #......# #.#
#......# ##.#
#..@...# #..#
#..ho..#
#.#######......#
#.###..........#
###.....###......#
#...######....####
#.#.# #..#####
####.#.# ###......#
.....#.####...####.#


You could see a black bear (berserk) and an orc.

Vanquished Creatures
  An ice beast (D:3)
  A phantom (D:4)
  4 hounds (D:4)
  2 iguanas (D:4)
  A gnoll (D:4)
  6 adders
  2 river rats (D:4)
  2 ufetubi
  A worm (D:2)
  2 dart slugs
  6 orcs
  10 endoplasms
  4 giant cockroaches
  5 goblins
  7 hobgoblins
  5 jackals
  6 quokkas
  5 ball pythons
  6 bats
  7 kobolds
  7 rats
90 creatures vanquished.

Notes
Turn   | Place    | Note
-------+----------+-------------------------------------------
     0 | D:1      | arthad the Gargoyle Fighter began the quest for the Orb.
     0 | D:1      | Reached XP level 1. HP: 14/14 MP: 1/1
   224 | D:1      | Reached XP level 2. HP: 15/19 MP: 2/2
   685 | D:1      | Reached XP level 3. HP: 23/23 MP: 3/3
   961 | D:2      | Found a transporter.
   961 | D:2      | Found Burox's Weapon Boutique.
   988 | D:2      | Found a transporter.
  1820 | D:3      | Reached XP level 4. HP: 29/29 MP: 4/4
  1984 | D:3      | Noticed an ice beast
  1994 | D:3      | Killed an ice beast
  1995 | D:3      | Reached XP level 5. HP: 22/33 MP: 5/5
  2546 | D:4      | Noticed a phantom
  2563 | D:4      | Killed a phantom
  2564 | D:4      | Reached XP level 6. HP: 36/39 MP: 6/6
  2683 | D:4      | Reached skill level 5 in Fighting
  2740 | D:4      | Found a sparkling altar of Nemelex Xobeh.
  3047 | D:4      | Found a staircase to the Ecumenical Temple.
  3052 | D:4      | Identified the +8 spear of the Genius {heavy, Fragile rCorr
                  | Int+2}
  3087 | D:4      | Found a glowing drain.
  3091 | D:4      | Reached XP level 7. HP: 44/44 MP: 7/7
  3426 | D:5      | Entered Level 5 of the Dungeon
  3436 | D:5      | Reached skill level 5 in Armour
  3445 | D:4      | Slain by a black bear

Illustrated notes

Levels and vault maps discovered:
D:1:      heliophobic_arrival_battle_scene, layout_basic
D:2:      layout_basic, serial_shops, nicolae_shop_drivethru, serial_bayou,
          serial_bayou_ford_a, serial_bayou_pond_a, serial_bayou_pond_b,
          serial_bayou_shore_b, kennysheep_minor_cross, feat_on_display
D:3:      layout_loops_ring, grunt_decor_fettered, palyth_stone_intersect
D:4:      minmay_chambers_of_threes, layout_rooms,
          nemelex_xobeh_ov_fountains_minmay, minmay_temple_entry_overgrown,
          portal_sewer_entry_c, cheibrodos_gnoll_hut
D:5:      layout_basic, serial_shops, shop

Skill      XL: |  1  2  3  4  5  6  7 |
---------------+----------------------+-----
Fighting       | 4 5 |  5.4
Maces & Flails | 3 4 |  4.4
Armour         | 4 5 |  5.0
Shields        | 4 |  4.9

Action                     |  1- 3 |  4- 6 |  7- 9 || total
---------------------------+-------+-------+-------++-------
  Melee: Flail             |   103 |   142 |    47 ||   292
    Use: Scroll            |       |     4 |       ||     4
 Armour: Scale mail        |    59 |    83 |    27 ||   169
  Dodge: Dodged            |    46 |    53 |    40 ||   139
  Block: Buckler           |    28 |    32 |    18 ||    78
